 Dungeon Crawl Stone Soup version 0.28-a0-726-g4a9143789a (webtiles) character file.

Game seed: 9929214497869614286

1 lawman0 the Grasshopper (level 1, 0/17 HPs)
             Began as a Barachi Warper on Oct 27, 2021.
             Slain by a gnoll (1 damage)
             ... on level 1 of the Dungeon.
             The game lasted 00:00:06 (118 turns).

lawman0 the Grasshopper (Barachi Warper)             Turns: 118, Time: 00:00:07

Health: 0/17       AC:  3    Str: 12    XL:     1   Next: 20%
Magic:  3/3        EV: 11    Int: 13    God:
Gold:   0          SH:  0    Dex: 11    Spells: 4/4 levels left

rFire   . . .      SeeInvis .   a - +0 falchion
rCold   . . .      Faith    .   (no shield)
rNeg    . . .      Spirit   .   b - +0 leather armour
rPois   .          Reflect  .   (no helmet)
rElec   .          Harm     .   (no cloak)
rCorr   .          Rampage  .   (no gloves)
Will    .....                   (no boots)
Stlth   +.........              (no amulet)
HPRegen 0.05/turn               (no ring)
MPRegen 0.08/turn               (no ring)

@: slow
A: amphibious, slowness 1, strong legs 1, +LOS
a: Hop


You were on level 1 of the Dungeon.
You visited 1 branch of the dungeon, and saw 1 of its levels.

Inventory:

Hand Weapons
 a - a +0 falchion (weapon)
Missiles
 d - 5 boomerangs of dispersal (quivered)
Armour
 b - a +0 leather armour (worn)
Scrolls
 c - a scroll of blinking
 e - a scroll of fog {unknown}


   Skills:
 + Level 2.4 Fighting
 * Level 2.4 Long Blades
 + Level 1.0 Throwing
 + Level 1.2 Armour
 + Level 2.2 Dodging
 + Level 2.1 Spellcasting
 * Level 3.3 Translocations


You had 4 spell levels left.
You didn't know any spells.
Your spell library contained the following spells:

 Spells                   Type           Power      Damage    Failure   Level
 Blink                    Tloc           20%        N/A       12%         2
 Gell's Gravitas          Tloc           5%         N/A       24%         3
 Lesser Beckoning         Tloc           10%        N/A       24%         3
 Teleport Other           Tloc           10%        N/A       24%         3
 Manifold Assault         Tloc           10%        N/A       92%         5


Dungeon Overview and Level Annotations

Branches:
Dungeon (1/15)

Altars:


Innate Abilities, Weirdness & Mutations

You are amphibious.
You cover ground slowly.
You can hop short distances.
You have an extended range of vision and can be seen from far away.


Message History

A ball python comes into view.
The ball python barely misses you. The ball python grabs you.
The ball python constricts you.
A ball python is nearby!
You hit the ball python.
The ball python is moderately wounded.
The ball python barely misses you. The ball python constricts you.
You hit the ball python.
You kill the ball python!
HP restored.
You open the door.
There is an open door here.
A ball python comes into view.
The ball python bites you. The ball python grabs you.
The ball python constricts you.
You hit the ball python.
You kill the ball python!
A gnoll comes into view. It is wielding a +0 spear of flaming.
The gnoll shouts!
A gnoll is nearby!
Found 23 arrows.
A gnoll is nearby!
The gnoll hits you with a +0 spear of flaming.
The gnoll burns you.
A gnoll is nearby!
You closely miss the gnoll. The gnoll closely misses you.
You hit the gnoll but do no damage.
The gnoll hits you with a +0 spear of flaming.
The gnoll burns you. The gnoll closely misses you.
You are too injured to fight recklessly!
You hit the gnoll.
The gnoll is moderately wounded.
The gnoll closely misses you.
You aren't carrying any potions.
You closely miss the gnoll.
The gnoll is moderately wounded.
The gnoll hits you with a +0 spear of flaming!
* * * LOW HITPOINT WARNING * * *
The gnoll burns you.
You die...

###### .. #<...+
###.. .# #....#
#..#. .#
#######'#...... #.#
..###....(..#( ..
#..#.....##+##. #.#
#.....####
#.##.###.# #.#.#+#
#..g.....# #.###
##@.# ...# ###...##
...##########......#
.#..†......####...##
.##.......## ##.†# #
##.....## ###.#
##...## #...# ##'##
#.#.# #.# #...#


You could see a gnoll.

Vanquished Creatures
  2 ball pythons (D:1)
2 creatures vanquished.

Notes
Turn   | Place    | Note
-------+----------+-------------------------------------------
     0 | D:1      | lawman0 the Barachi Warper began the quest for the Orb.
     0 | D:1      | Reached XP level 1. HP: 17/17 MP: 3/3
   118 | D:1      | Slain by a gnoll

Illustrated notes

Levels and vault maps discovered:
D:1:      dpeg_arrival_short_road, layout_loops_corners

Action                   || total
-------------------------++-------
Melee: Falchion          ||     7
Dodge: Dodged            ||     5

Table legend: (Time is in decaauts)
 A = Elapsed time spent in this place.
 B = Non-inter-level travel time spent in this place.
 C = Inter-level travel time spent in this place.
 D = Time resting spent in this place.
 E = Time spent auto-exploring this place.
 F = Levels seen in this place.
 G = Mean time per level.
                   A        B        C        D        E       F      G
               +--------+--------+--------+--------+--------+-----+--------+
         Total |    129 |    129 |      0 |      0 |    108 |   1 |  129.0 |
       Dungeon |    129 |    129 |      0 |      0 |    108 |   1 |  129.0 |
               +--------+--------+--------+--------+--------+-----+--------+

Top non-repeatable levels by time:
     D:1: 129 daAuts
